SNL (28 & UNDER)
WEST VIRGINIA POWER @ MONTGOMERY BISCUITS
08/25/2025
 
TOP OF THE 1ST
West Virginia Power batting - Pitching for Montgomery Biscuits : LHP Gonzalo Martínez
Pitching: LHP Gonzalo Martínez
Batting: LHB Júlio Martínez 0-0: Ground out 3-1 (Groundball, 34)
Batting: RHB Tony Parker 0-0: Called Strike
0-1: DOUBLE (Line Drive, 78D)
Batting: RHB Ben Dougherty 0-0: SINGLE (Groundball, 6MD)
Tony Parker to third
Runner from 3rd tries for Home, SAFE, no throw or cutoff
Batting: RHB Gonzalo Gil 0-0: Ball
1-0: Foul Ball, location: 2F
1-1: Ball
2-1: Swinging Strike
2-2: Strikes out swinging
Ben Dougherty steals 2nd base
Batter strikes out.
Batting: RHB Dave McGrath 0-0: Foul Ball, location: 2F
0-1: Ball
1-1: Ground out 6-3 (Groundball, 6M)
Top of the 1st over - 1 run(s), 2 hit(s), 0 error(s), 1 left on base; West Virginia 1 - Montgomery 0
BOTTOM OF THE 1ST
Montgomery Biscuits batting - Pitching for West Virginia Power : RHP Anthony Jackson
Pitching: RHP Anthony Jackson
Batting: RHB Peyton Yardley 0-0: Swinging Strike
0-1: SINGLE (Line Drive, 6)
Batting: SHB Jack Estes 0-0: Ball
1-0: Called Strike
1-1: Grounds into double play, 4-6-3 (Groundball, 34)
Batting: RHB Yujiro Kurihara 0-0: Ball
1-0: Ball
2-0: Ball
3-0: Foul Ball, location: 2F
3-1: Base on Balls
Batting: RHB Juan Díaz 0-0: Ball
1-0: Called Strike
1-1: Ball
2-1: Ball
Yujiro Kurihara is caught stealing 2nd base
Bottom of the 1st over - 0 run(s), 1 hit(s), 0 error(s), 0 left on base; West Virginia 1 - Montgomery 0
TOP OF THE 2ND
West Virginia Power batting - Pitching for Montgomery Biscuits : LHP Gonzalo Martínez
Batting: RHB Jesse McKnight 0-0: Ball
1-0: SINGLE (Line Drive, 34D)
Batting: RHB Len Burke 0-0: Foul Ball, location: 2F
0-1: Foul Ball, location: 2F
0-2: Strikes out looking
Batting: RHB Mike Ingram 0-0: Ball
1-0: Called Strike
1-1: Called Strike
1-2: Strikes out swinging
Batting: LHB Lúcio Anaya 0-0: Ball
1-0: Swinging Strike
1-1: Ball
2-1: Foul Ball, location: 2F
2-2: Strikes out swinging
Top of the 2nd over - 0 run(s), 1 hit(s), 0 error(s), 1 left on base; West Virginia 1 - Montgomery 0
BOTTOM OF THE 2ND
Montgomery Biscuits batting - Pitching for West Virginia Power : RHP Anthony Jackson
Batting: RHB Juan Díaz 0-0: Called Strike
0-1: Foul Ball, location: 2F
0-2: Ball
1-2: Ground out 4-3 (Groundball, 34)
Batting: RHB Dave Williams 0-0: Ball
1-0: SINGLE (Flyball, 89S)
Batting: RHB Warren Martin 0-0: Fly out, F4 (Popup, 4)
Batting: RHB Raúl Alejándrez 0-0: SINGLE (Groundball, 4M) (infield hit)
Dave Williams to second
Batting: LHB Brian MacIntosh 0-0: Ball
1-0: Called Strike
1-1: Swinging Strike
1-2: Ground out 3-1 (Groundball, 3)
Bottom of the 2nd over - 0 run(s), 2 hit(s), 0 error(s), 2 left on base; West Virginia 1 - Montgomery 0
TOP OF THE 3RD
West Virginia Power batting - Pitching for Montgomery Biscuits : LHP Gonzalo Martínez
Batting: LHB Júlio Martínez 0-0: Ball
1-0: Swinging Strike
1-1: Foul Ball, location: 2F
1-2: Strikes out looking
Batting: RHB Tony Parker 0-0: Ball
1-0: Swinging Strike
1-1: Ball
2-1: Fly out, F3 (Line Drive, 34S)
Batting: RHB Ben Dougherty 0-0: Ball
1-0: DOUBLE (Flyball, 78XD)
Batting: RHB Gonzalo Gil 0-0: Called Strike
0-1: Ball
1-1: Ball
2-1: Ball
3-1: Foul Ball, location: 2F
3-2: SINGLE (Flyball, 6MD)
Ben Dougherty to third
Ben Dougherty scores
Batting: RHB Dave McGrath 0-0: Ball
Gonzalo Gil is caught stealing 2nd base
Top of the 3rd over - 1 run(s), 2 hit(s), 0 error(s), 0 left on base; West Virginia 2 - Montgomery 0
BOTTOM OF THE 3RD
Montgomery Biscuits batting - Pitching for West Virginia Power : RHP Anthony Jackson
Batting: LHB António Fernández 0-0: Ball
1-0: Ball
2-0: Ball
3-0: Base on Balls
Batting: RHB Peyton Yardley 0-0: SINGLE (Flyball, 9LS)
António Fernández to second
Batting: SHB Jack Estes 0-0: Called Strike
0-1: Ball
1-1: Ball
2-1: Ball
3-1: Base on Balls
António Fernández to third
Peyton Yardley to second
Batting: RHB Yujiro Kurihara 0-0: Swinging Strike
0-1: Called Strike
0-2: SINGLE (Groundball, 56D)
António Fernández scores
Peyton Yardley to third
Jack Estes to second
Runner from 3rd tries for Home, SAFE, no throw or cutoff
Batting: RHB Juan Díaz 0-0: Called Strike
0-1: Ball
1-1: Called Strike
1-2: Ball
2-2: SINGLE (Flyball, 8LS)
Jack Estes to third
Yujiro Kurihara to second
Batting: RHB Dave Williams 0-0: Swinging Strike
0-1: Called Strike
0-2: Strikes out looking
Batting: RHB Warren Martin 0-0: Called Strike
0-1: Called Strike
0-2: Fly out, F8 (Flyball, 8RM)
Throwing error, E8
Jack Estes scores
Yujiro Kurihara to third
Juan Díaz to second
Batting: RHB Raúl Alejándrez 0-0: Foul Ball, location: 2F
0-1: Ball
1-1: Fly out, F9 (Flyball, 9LM)
Bottom of the 3rd over - 3 run(s), 3 hit(s), 1 error(s), 2 left on base; West Virginia 2 - Montgomery 3
TOP OF THE 4TH
West Virginia Power batting - Pitching for Montgomery Biscuits : LHP Gonzalo Martínez
Batting: RHB Dave McGrath 0-0: Called Strike
0-1: Foul Ball, location: 2F
0-2: Fly out, F9 (Flyball, 89M)
Batting: RHB Jesse McKnight 0-0: Called Strike
0-1: Ball
1-1: Foul Ball, location: 2F
1-2: Foul Ball, location: 2F
1-2: Strikes out swinging
Batting: RHB Len Burke 0-0: Foul Ball, location: 2F
0-1: Ball
1-1: Foul Ball, location: 2F
1-2: Ball
2-2: Ball
3-2: Foul Ball, location: 2F
3-2: SINGLE (Line Drive, 9S)
Batting: RHB Mike Ingram 0-0: Fly out, F7 (Line Drive, 78M)
Top of the 4th over - 0 run(s), 1 hit(s), 0 error(s), 1 left on base; West Virginia 2 - Montgomery 3
BOTTOM OF THE 4TH
Montgomery Biscuits batting - Pitching for West Virginia Power : RHP Anthony Jackson
Batting: LHB Brian MacIntosh 0-0: Foul Ball, location: 2F
0-1: SINGLE (Groundball, 4MD) (infield hit)
Batting: LHB António Fernández 0-0: Ball
Wild Pitch!
Brian MacIntosh to second
1-0: Swinging Strike
1-1: Swinging Strike
1-2: Ground out 2-3 (Groundball, 25)
Brian MacIntosh to third
Batting: RHB Peyton Yardley 0-0: Ball
1-0: Ball
2-0: Swinging Strike
2-1: SINGLE (Line Drive, 8LS)
Brian MacIntosh scores
Batting: SHB Jack Estes 0-0: Swinging Strike
0-1: Ball
1-1: Foul Ball, location: 2F
1-2: Strikes out swinging
Batting: RHB Yujiro Kurihara 0-0: Called Strike
Peyton Yardley steals 2nd base
0-1: Called Strike
0-2: SINGLE (Flyball, 7S)
Peyton Yardley to third
Runner from 3rd tries for Home, SAFE, no throw or cutoff
Batting: RHB Juan Díaz 0-0: Called Strike
0-1: Ball
1-1: Called Strike
1-2: Ball
2-2: Strikes out swinging
Bottom of the 4th over - 2 run(s), 3 hit(s), 0 error(s), 1 left on base; West Virginia 2 - Montgomery 5
TOP OF THE 5TH
West Virginia Power batting - Pitching for Montgomery Biscuits : LHP Gonzalo Martínez
Batting: LHB Lúcio Anaya 0-0: Ball
1-0: Ground out 6-3 (Groundball, 6M)
Batting: LHB Júlio Martínez 0-0: Foul Ball, location: 2F
0-1: Foul Ball, location: 2F
0-2: Ball
1-2: Strikes out looking
Batting: RHB Tony Parker 0-0: Ball
1-0: SINGLE (Groundball, 56D)
Batting: RHB Ben Dougherty 0-0: Foul Ball, location: 2F
0-1: Ball
1-1: SINGLE (Groundball, 56D)
Tony Parker to second
Batting: RHB Gonzalo Gil 0-0: Ball
1-0: Ball
2-0: Called Strike
2-1: Ground out 5-3 (Groundball, 5L)
Top of the 5th over - 0 run(s), 2 hit(s), 0 error(s), 2 left on base; West Virginia 2 - Montgomery 5
BOTTOM OF THE 5TH
Montgomery Biscuits batting - Pitching for West Virginia Power : RHP Anthony Jackson
Batting: RHB Dave Williams 0-0: Ball
1-0: Ball
2-0: Ball
3-0: Called Strike
3-1: SINGLE (Groundball, 6MD)
Batting: RHB Warren Martin 0-0: Called Strike
0-1: Ball
1-1: Ball
2-1: Ball
3-1: Called Strike
3-2: Strikes out swinging
Throwing error on steal attempt, E2
Dave Williams to third
Batting: RHB Raúl Alejándrez 0-0: Ball
1-0: Called Strike
1-1: Fly out, F9 (Flyball, 89M)
Batting: LHB Brian MacIntosh 0-0: Called Strike
0-1: Ball
1-1: Foul Ball, location: 2F
1-2: Strikes out swinging
Bottom of the 5th over - 0 run(s), 1 hit(s), 1 error(s), 1 left on base; West Virginia 2 - Montgomery 5
TOP OF THE 6TH
West Virginia Power batting - Pitching for Montgomery Biscuits : LHP Gonzalo Martínez
Batting: RHB Dave McGrath 0-0: Ball
1-0: Swinging Strike
1-1: Ball
2-1: Ball
3-1: Called Strike
3-2: Foul Ball, location: 2F
3-2: Foul Ball, location: 2F
3-2: Base on Balls
Batting: RHB Jesse McKnight 0-0: Ball
1-0: Ball
2-0: Called Strike
2-1: Swinging Strike
2-2: Strikes out swinging
Batting: RHB Len Burke 0-0: Ball
1-0: Called Strike
1-1: Ball
Reached via error on a dropped throw, E3
Dave McGrath to second
Batting: RHB Mike Ingram 0-0: Ball
1-0: Foul Ball, location: 2F
1-1: Foul Ball, location: 2F
1-2: Foul Ball, location: 2F
1-2: Foul Ball, location: 2F
1-2: Strikes out looking
Pitching: RHP Rick Grant
Batting: LHB Lúcio Anaya 0-0: Ball
1-0: Called Strike
1-1: Foul Ball, location: 2F
1-2: SINGLE (Line Drive, 6M)
Dave McGrath to third
Len Burke to second
Runner from 3rd tries for Home, SAFE, no throw or cutoff
Batting: LHB Júlio Martínez 0-0: Called Strike
0-1: Foul Ball, location: 2F
0-2: Strikes out looking
Top of the 6th over - 1 run(s), 1 hit(s), 1 error(s), 2 left on base; West Virginia 3 - Montgomery 5
BOTTOM OF THE 6TH
Montgomery Biscuits batting - Pitching for West Virginia Power : RHP Anthony Jackson
Pitching: RHP Germán Hernández
Batting: LHB António Fernández 0-0: Ball
1-0: Ball
2-0: Called Strike
2-1: Foul Ball, location: 2F
2-2: Ball
3-2: Foul Ball, location: 2F
3-2: Base on Balls
Batting: RHB Peyton Yardley 0-0: Called Strike
0-1: Fly out, F6 (Popup, 6)
Batting: SHB Jack Estes 0-0: Swinging Strike
0-1: Ball
1-1: Foul Ball, location: 2F
1-2: Ball
2-2: Foul Ball, location: 2F
2-2: Ball
3-2: Foul Ball, location: 2F
3-2: Foul Ball, location: 2F
3-2: Foul Ball, location: 2F
3-2: Base on Balls
António Fernández to second
Batting: RHB Yujiro Kurihara 0-0: Swinging Strike
0-1: Swinging Strike
0-2: Strikes out looking
Batting: RHB Juan Díaz 0-0: Ball
1-0: Ball
2-0: Ball
3-0: Called Strike
3-1: Foul Ball, location: 2F
3-2: Foul Ball, location: 2F
3-2: Base on Balls
António Fernández to third
Jack Estes to second
Batting: RHB Dave Williams 0-0: Ball
1-0: Called Strike
1-1: Called Strike
1-2: Ball
2-2: Strikes out swinging
Bottom of the 6th over - 0 run(s), 0 hit(s), 0 error(s), 3 left on base; West Virginia 3 - Montgomery 5
TOP OF THE 7TH
West Virginia Power batting - Pitching for Montgomery Biscuits : RHP Rick Grant
Batting: RHB Tony Parker 0-0: Fly out, F2 (Popup, 2LF)
Batting: RHB Ben Dougherty 0-0: Ball
1-0: Ground out 5-3 (Groundball, 5S)
Batting: RHB Gonzalo Gil 0-0: Ball
1-0: Called Strike
1-1: Called Strike
1-2: Ball
2-2: Ball
3-2: Foul Ball, location: 2F
3-2: Foul Ball, location: 2F
3-2: Foul Ball, location: 2F
3-2: Base on Balls
Batting: RHB Dave McGrath 0-0: Ball
Gonzalo Gil is caught stealing 2nd base
Top of the 7th over - 0 run(s), 0 hit(s), 0 error(s), 0 left on base; West Virginia 3 - Montgomery 5
BOTTOM OF THE 7TH
Montgomery Biscuits batting - Pitching for West Virginia Power : RHP Germán Hernández
Batting: RHB Warren Martin 0-0: Called Strike
0-1: Swinging Strike
0-2: Ball
1-2: Strikes out swinging
Batting: RHB Raúl Alejándrez 0-0: Foul Ball, location: 2F
0-1: Ball
1-1: Ball
2-1: Ground out 5-3 (Groundball, 56S)
Batting: LHB Brian MacIntosh 0-0: Ball
1-0: Called Strike
1-1: Foul Ball, location: 2F
1-2: Fly out, F9 (Flyball, 89D)
Bottom of the 7th over - 0 run(s), 0 hit(s), 0 error(s), 0 left on base; West Virginia 3 - Montgomery 5
TOP OF THE 8TH
West Virginia Power batting - Pitching for Montgomery Biscuits : RHP Rick Grant
Batting: RHB Dave McGrath 0-0: Called Strike
0-1: Ball
1-1: Ball
2-1: SINGLE (Groundball, 6M)
Pitching: RHP Félix Andrade
Batting: RHB Jesse McKnight 0-0: Ball
1-0: Called Strike
1-1: Ball
2-1: Swinging Strike
2-2: Strikes out swinging
Batting: RHB Len Burke 0-0: Ball
1-0: Foul Ball, location: 2F
1-1: Ball
2-1: SINGLE (Groundball, 4M)
Dave McGrath to second
Runner from 2nd tries for 3rd, SAFE, no throw or cutoff
Pinch Hitting: SHB Waylon Adams 0-0: Ball
1-0: Ball
2-0: Foul Ball, location: 2F
2-1: Foul Ball, location: 2F
2-2: Foul Ball, location: 2F
2-2: Strikes out swinging
Batting: LHB Lúcio Anaya 0-0: Called Strike
0-1: Called Strike
0-2: Strikes out swinging
Top of the 8th over - 0 run(s), 2 hit(s), 0 error(s), 2 left on base; West Virginia 3 - Montgomery 5
BOTTOM OF THE 8TH
Montgomery Biscuits batting - Pitching for West Virginia Power : RHP Germán Hernández
Pitching: LHP Edmond Summers
Now in CF: Aaron Murray
Batting: LHB António Fernández 0-0: Ball
1-0: Foul Ball, location: 2F
1-1: Foul Ball, location: 2F
1-2: Ball
2-2: Foul Ball, location: 2F
2-2: Ball
3-2: Fly out, F9 (Flyball, 89M)
Batting: RHB Peyton Yardley 0-0: Called Strike
0-1: Swinging Strike
0-2: SOLO HOME RUN (Flyball, 9D), Distance : 388 ft
Batting: SHB Jack Estes 0-0: Called Strike
0-1: Ball
1-1: Called Strike
1-2: SINGLE (Line Drive, 89S)
Batting: RHB Yujiro Kurihara 0-0: Ball
1-0: Called Strike
1-1: Ball
2-1: Ball
3-1: Ground out U3 (Groundball, 3S)
Jack Estes to second
Batting: RHB Juan Díaz 0-0: Ball
1-0: Foul Ball, location: 2F
1-1: Ball
2-1: Ball
3-1: Called Strike
3-2: SINGLE (Line Drive, 8LS)
Jack Estes to third
Jack Estes scores
Batting: RHB Dave Williams 0-0: Swinging Strike
0-1: Called Strike
0-2: Strikes out looking
Bottom of the 8th over - 2 run(s), 3 hit(s), 0 error(s), 1 left on base; West Virginia 3 - Montgomery 7
TOP OF THE 9TH
West Virginia Power batting - Pitching for Montgomery Biscuits : RHP Félix Andrade
Batting: LHB Júlio Martínez 0-0: Swinging Strike
0-1: Called Strike
0-2: Ball
1-2: Ball
2-2: Ball
3-2: Ground out 4-3 (Groundball, 4)
Batting: RHB Tony Parker 0-0: Ball
1-0: Ball
2-0: Ground out U3 (Groundball, 3L)
Batting: RHB Ben Dougherty 0-0: Hit by Pitch
Batting: RHB Gonzalo Gil 0-0: Fielders Choice at 2nd, 5-4 (Groundball, 56)
Top of the 9th over - 0 run(s), 0 hit(s), 0 error(s), 0 left on base; West Virginia 3 - Montgomery 7
This league is powered by Out of the Park Baseball, the baseball management simulation game for PC, Mac and Linux
Tuesday, August 2nd, 2016 - OOTP Baseball 16.8 Build 38